 Dungeon Crawl Stone Soup version 0.27-a0-1500-g450c7e4133 (webtiles) character file.

Game seed: 18159117348581284375

352 hatdisgam the Covert (level 6, 0/53 HPs)
             Began as a Gnoll Delver on July 8, 2021.
             Slain by an orc wizard (1 damage)
             ... on level 3 of the Dungeon.
             The game lasted 00:06:14 (3917 turns).

hatdisgam the Covert (Gnoll Delver)                 Turns: 3917, Time: 00:06:15

Health: 0/53       AC:  4    Str: 11    XL:     6   Next: 62%
Magic:  9/9        EV: 13    Int: 12    God:
Gold:   144        SH:  0    Dex: 13    Spells: 6/9 levels left

rFire    + . .     SeeInvis .   p - +0 whip (drain)
rCold    + + .     Faith    .   (no shield)
rNeg     . . .     Spirit   .   v - +0 leather armour {rC+}
rPois    +         Reflect  .   (no helmet)
rElec    +         Harm     .   (no cloak)
rCorr    +         Rampage  .   (no gloves)
Will     .....                  r - +0 pair of boots
Stlth    ++........             (no amulet)
HPRegen  0.17/turn              (no ring)
MPRegen  0.11/turn              (no ring)

@: confused, resistant, hasted, very quick
A: fangs 1, strong nose, distributed training
a: no special abilities


You were on level 3 of the Dungeon.
You visited 1 branch of the dungeon, and saw 5 of its levels.

You collected 144 gold pieces.

Inventory:

Hand Weapons
 a - a +0 falchion
 p - a +0 whip of draining (weapon)
 s - a +0 whip of freezing
Missiles
 l - 14 poisoned darts (quivered)
 u - 4 boomerangs
Armour
 b - a +0 leather armour
 r - a +0 pair of boots (worn)
 v - a +0 leather armour of cold resistance (worn)
Jewellery
 i - a ring of magical power
Wands
 g - a wand of digging (3)
 q - a wand of iceblast (14)
Scrolls
 c - a scroll of fog
 d - 3 scrolls of magic mapping
 e - a scroll of fear
 h - a scroll of brand weapon {unknown}
 j - 2 scrolls of identify {unknown}
 k - 3 scrolls of teleportation {unknown}
 o - a scroll of enchant armour {unknown}
 t - a scroll of noise {unknown}
 w - a scroll of immolation {unknown}
Potions
 f - a potion of haste


   Skills:
 + Level 6.8 Fighting
 + Level 2.0 Short Blades
 + Level 5.0 Long Blades
 + Level 2.0 Axes
 + Level 2.0 Maces & Flails
 + Level 2.0 Polearms
 + Level 2.0 Staves
 + Level 2.0 Slings
 + Level 2.0 Bows
 + Level 2.0 Crossbows
 + Level 2.0 Throwing
 + Level 2.0 Armour
 + Level 5.0 Dodging
 + Level 9.7 Stealth
 + Level 2.0 Shields
 + Level 2.0 Unarmed Combat
 + Level 2.0 Spellcasting
 + Level 1.6 Conjurations
 + Level 1.6 Hexes
 + Level 1.6 Summonings
 + Level 1.6 Necromancy
 + Level 1.6 Translocations
 + Level 1.6 Transmutations
 + Level 1.6 Fire Magic
 + Level 1.6 Ice Magic
 + Level 1.6 Air Magic
 + Level 1.6 Earth Magic
 + Level 1.6 Poison Magic
 + Level 2.2 Invocations
 + Level 2.0 Evocations


You had 6 spell levels left.
You knew the following spells:

 Your Spells              Type           Power      Damage    Failure   Level
a - Summon Guardian Gole  Hex/Summ       5%         N/A       50%         3

Your spell library contained the following spells:

 Spells                   Type           Power      Damage    Failure   Level
 Summon Small Mammal      Summ           20%        N/A       19%         1
 Slow                     Hex            5%         N/A       28%         2
 Call Canine Familiar     Summ           5%         N/A       50%         3
 Confusing Touch          Hex            5%         N/A       50%         3
 Vampiric Draining        Necr           2%         2d6       50%         3


Dungeon Overview and Level Annotations

Branches:
Dungeon (5/15)
 Temple: D:4-7

Altars:

Annotations:
D:3 exclusion: orc warrior


Innate Abilities, Weirdness & Mutations

You have very sharp teeth.
Your uncanny sense of smell can sniff out nearby items.
Your experience applies equally to all skills.


Message History

Something hits you.
* * * LOW HITPOINT WARNING * * *
You climb upwards.
Level annotation: exclusion: orc warrior Reactivating autopickup.
There is a stone staircase leading down here.
Unknown command.
Deactivating autopickup; reactivate with Ctrl-A.
You miss something. Your bite misses something. Something hits you.
* * * LOW HITPOINT WARNING * * *
Something hits you.
* * * LOW HITPOINT WARNING * * *
You feel yourself speed up. Something barely misses you.
You hear some strange, mumbled words.
A magic dart appears from out of thin air!
The magic dart hits you!
* * * LOW HITPOINT WARNING * * *
You hit something. Something hits you but does no damage.
It was a potion of curing.
You feel better. Something hits you.
* * * LOW HITPOINT WARNING * * *
You feel better. Something hits you.
* * * LOW HITPOINT WARNING * * *
You hear some strange, mumbled words.
A magic dart appears from out of thin air!
The magic dart hits you!
* * * LOW HITPOINT WARNING * * *
You closely miss something. Something hits you but does no damage.
It was a potion of resistance.
You feel protected. Something hits you but does no damage.
You barely miss something. Something hits you.
* * * LOW HITPOINT WARNING * * *
Something hits you but does no damage.
You closely miss something. Something barely misses you.
You barely miss something. Something barely misses you.
You hear some strange, mumbled words.
You are confused.
Something hits you but does no damage. Something hits you.
You die...

#.....###..#
####.###.##.....#.###
..........#.#>......##
####.###.............#
# #..##.#####.....
#.###.###.## ##....
##.#(..#...<# ###.#
..##...{###....# #..
#......@###....# #..
####..#{..#....# #..
######......# #..
###....# ##. #....# ##
#....# ######


There were no monsters in sight!

Vanquished Creatures
  A scorpion (D:4)
  An orc priest (D:2)
  A centaur skeleton (D:4)
  A hound (D:4)
  A hound skeleton (D:2)
  4 gnolls (D:4)
  4 adders
  An adder skeleton (D:4)
  A worm (D:2)
  2 dart slugs (D:1)
  13 orcs
  2 ball pythons
  3 bats (D:2)
  4 endoplasms
  2 giant cockroaches
  6 goblins
  5 hobgoblins
  17 jackals
  4 quokkas (D:1)
  A frilled lizard (D:2)
  12 kobolds
  11 rats
97 creatures vanquished.

Notes
Turn   | Place    | Note
-------+----------+-------------------------------------------
     0 | D:5      | Reached skill level 9 in Stealth
     0 | D:5      | hatdisgam the Gnoll Delver began the quest for the Orb.
     0 | D:5      | Reached XP level 1. HP: 23/23 MP: 1/1
     2 | D:4      | Noticed a scorpion
   137 | D:3      | Reached XP level 2. HP: 29/29 MP: 2/2
   167 | D:3      | Noticed an orc warrior
   240 | D:3      | Reached XP level 3. HP: 17/35 MP: 3/3
   544 | D:1      | Reached skill level 1 in Invocations
   815 | D:1      | Reached skill level 1 in Short Blades
   815 | D:1      | Reached skill level 1 in Axes
   815 | D:1      | Reached skill level 1 in Maces & Flails
   815 | D:1      | Reached skill level 1 in Polearms
   815 | D:1      | Reached skill level 1 in Staves
   815 | D:1      | Reached skill level 1 in Slings
   815 | D:1      | Reached skill level 1 in Bows
   815 | D:1      | Reached skill level 1 in Crossbows
   815 | D:1      | Reached skill level 1 in Throwing
   815 | D:1      | Reached skill level 1 in Armour
   815 | D:1      | Reached skill level 1 in Shields
   815 | D:1      | Reached skill level 1 in Unarmed Combat
   815 | D:1      | Reached skill level 1 in Spellcasting
   815 | D:1      | Reached skill level 1 in Evocations
   972 | D:1      | Reached XP level 4. HP: 38/41 MP: 5/5
  1428 | D:2      | Found a faded altar of an unknown god.
  1493 | D:2      | Reached skill level 1 in Conjurations
  1493 | D:2      | Reached skill level 1 in Hexes
  1493 | D:2      | Reached skill level 1 in Summonings
  1493 | D:2      | Reached skill level 1 in Necromancy
  1493 | D:2      | Reached skill level 1 in Translocations
  1493 | D:2      | Reached skill level 1 in Transmutations
  1493 | D:2      | Reached skill level 1 in Fire Magic
  1493 | D:2      | Reached skill level 1 in Ice Magic
  1493 | D:2      | Reached skill level 1 in Air Magic
  1493 | D:2      | Reached skill level 1 in Earth Magic
  1493 | D:2      | Reached skill level 1 in Poison Magic
  2159 | D:2      | Reached XP level 5. HP: 47/47 MP: 6/6
  2823 | D:4      | Reached XP level 6. HP: 35/53 MP: 8/8
  3208 | D:3      | Learned a level 3 spell: Summon Guardian Golem
  3731 | D:4      | Reached skill level 5 in Long Blades
  3731 | D:4      | Reached skill level 5 in Dodging
  3907 | D:3      | HP: 2/53 [something/magic dart (8)]
  3913 | D:3      | HP: 1/53 [something (3)]
  3917 | D:3      | Slain by an orc wizard

Illustrated notes

Levels and vault maps discovered:
D:1:      dpeg_arrival_morbid_curiosity, layout_basic
D:2:      layout_basic, hellmonk_ecumenical_altar_crossroads
D:3:      layout_rooms
D:4:      layout_gridville, minmay_temple_entry_poolview,
          minmay_misc_feat_ornament, hex_tiny
D:5:      layout_layer_cave, uniq_blork_the_orc

Skill      XL: |  1  2  3  4  5  6 |
---------------+-------------------+-----
Stealth        | |  9.7
Invocations    | 1 2 |  2.2
Short Blades   | 1 2 |  2.0
Axes           | 1 2 |  2.0
Maces & Flails | 1 2 |  2.0
Polearms       | 1 2 |  2.0
Staves         | 1 2 |  2.0
Slings         | 1 2 |  2.0
Bows           | 1 2 |  2.0
Crossbows      | 1 2 |  2.0
Throwing       | 1 2 |  2.0
Armour         | 1 2 |  2.0
Shields        | 1 2 |  2.0
Unarmed Combat | 1 2 |  2.0
Spellcasting   | 1 2 |  2.0
Evocations     | 1 2 |  2.0
Conjurations   | 1 |  1.6
Hexes          | 1 |  1.6
Summonings     | 1 |  1.6
Necromancy     | 1 |  1.6
Translocations | 1 |  1.6
Transmutations | 1 |  1.6
Fire Magic     | 1 |  1.6
Ice Magic      | 1 |  1.6
Air Magic      | 1 |  1.6
Earth Magic    | 1 |  1.6
Poison Magic   | 1 |  1.6
Long Blades    | 5 |  5.0
Dodging        | 5 |  5.0
Fighting       | |  6.8

Action                   |  1- 3 |  4- 6 || total
-------------------------+-------+-------++-------
Melee: Falchion          |    82 |   114 ||   196
       Bite              |    11 |    14 ||    25
       Punch             |       |     3 ||     3
       Whip              |       |   132 ||   132
  Use: Potion            |       |     5 ||     5
 Stab: Sleeping          |     7 |     9 ||    16
Armor: Leather armour    |    14 |    74 ||    88
Dodge: Dodged            |    68 |   201 ||   269
       Rpst.: Falchion   |    19 |    31 ||    50

Table legend: (Time is in decaauts)
 A = Elapsed time spent in this place.
 B = Non-inter-level travel time spent in this place.
 C = Inter-level travel time spent in this place.
 D = Time resting spent in this place.
 E = Time spent auto-exploring this place.
 F = Levels seen in this place.
 G = Mean time per level.
                   A        B        C        D        E       F      G
               +--------+--------+--------+--------+--------+-----+--------+
         Total |   3935 |   3792 |    143 |    551 |   2323 |   5 |  787.0 |
       Dungeon |   3935 |   3792 |    143 |    551 |   2323 |   5 |  787.0 |
               +--------+--------+--------+--------+--------+-----+--------+

Top non-repeatable levels by time:
     D:2: 1385 daAuts
     D:4: 1091 daAuts
     D:1: 950 daAuts
     D:3: 506 daAuts
     D:5: 2 daAuts
